 Dungeon Crawl Stone Soup version 0.30-a0-23-ge60ba3568b (webtiles) character file.

Game seed: 14727028876078280886

772 QueenGhuleh the Chopper (level 7, -1/62 HPs)
             Began as a Minotaur Berserker on Aug 25, 2022.
             Was a Priest of Trog.
             Slain by Grinder (3 damage)
             ... while paralysed by Grinder
             ... on level 4 of the Dungeon.
             The game lasted 00:06:35 (3485 turns).

QueenGhuleh the Chopper (Minotaur Berserker)        Turns: 3485, Time: 00:06:36

Health: -1/62      AC: 10    Str: 23    XL:     7   Next: 53%
Magic:  0/6        EV:  2    Int:  4    God:    Trog [***...]
Gold:   139        SH:  0    Dex: 10    Spells: 6/6 levels left

rFire   . . .      SeeInvis .    a - +0 hand axe
rCold   . . .      Faith    .    (no shield)
rNeg    . . .      Spirit   +    f - +0 chain mail
rPois   .          Reflect  .    (helmet restricted)
rElec   .          Harm     .    (no cloak)
rCorr   .          Rampage  .    (no gloves)
Will    .....                    (no boots)
Stlth   ..........               n - amulet of guardian spirit
HPRegen 0.20/turn                (no ring)
MPRegen 0.10/turn                (no ring)

@: paralysed, on berserk cooldown, slowed
A: horns 2, retaliatory headbutt
a: Renounce Religion, Berserk, Trog's Hand


You were on level 4 of the Dungeon.
You worshipped Trog.
Trog was most pleased with you.
You visited 1 branch of the dungeon, and saw 4 of its levels.

You collected 139 gold pieces.

Inventory:

Hand Weapons
 a - a +0 hand axe (weapon)
Armour
 f - a +0 chain mail (worn)
Jewellery
 n - an amulet of guardian spirit (around neck)
Scrolls
 b - 2 scrolls of fear {unknown}
 c - 2 scrolls of magic mapping {unknown}
 e - a scroll of summoning {unknown}
 i - a scroll of vulnerability {unknown}
 j - a scroll of butterflies {unknown}
 k - 6 scrolls of identify {unknown}
 l - a scroll of immolation {unknown}
 m - 2 scrolls of amnesia {unknown}
 o - 2 scrolls of enchant weapon {unknown}
 p - 2 scrolls of teleportation {unknown}
 q - a scroll of silence {unknown}
 r - a scroll of blinking {unknown}
 t - a scroll of noise {unknown}
 u - a scroll of enchant armour {unknown}
Potions
 d - a potion of flight {unknown}
 g - 6 potions of degeneration {unknown}
 h - a potion of curing {unknown}
 s - a potion of haste {unknown}
 v - a potion of brilliance {unknown}


   Skills:
 + Level 5.9 Fighting
 + Level 7.5 Axes
 + Level 5.5 Armour
 + Level 3.1 Dodging
 + Level 1.1 Stealth


You had 6 spell levels left.
You didn't know any spells.
Your spell library was empty.

Dungeon Overview and Level Annotations

Branches:
Dungeon (4/15)             Temple (0/1) D:4

Altars:
Trog
Wu Jian
Xom

Shops:
D:1 (([=*

Annotations:
D:4 Grinder


Innate Abilities, Weirdness & Mutations

You have a pair of horns on your head.
You reflexively headbutt those who attack you in melee.


Message History

The howler monkey hits you.
* * * LOW HITPOINT WARNING * * *
You barely miss the howler monkey. You closely miss the goblin.
You hit the endoplasm.
You kill the endoplasm!
Trog accepts your kill. The howler monkey barely misses you.
You furiously retaliate!
You headbutt the howler monkey! The goblin hits you but does no damage.
You closely miss the howler monkey. You headbutt the howler monkey!
You kill the howler monkey!
Trog accepts your kill.
You hit the goblin but do no damage. The goblin hits you with a +0 dagger.
* * * LOW HITPOINT WARNING * * *
The goblin closely misses you.
Grinder blinks!
The goblin hits you but does no damage.
Items here: ) [ ††.
Found a staircase to the Ecumenical Temple.
The goblin hits you but does no damage. x2
The goblin attacks as you move away! The goblin barely misses you.
Found 10 gold pieces.
Grinder hits you.
* * * LOW HITPOINT WARNING * * *
You writhe in agony.
The goblin barely misses you.
There is an escape hatch in the ceiling here.
The goblin attacks as you move away! The goblin hits you but does no damage.
Grinder barely misses you.
You see here 4 boomerangs.
Grinder attacks as you move away! Grinder barely misses you. x2
The goblin hits you but does no damage.
You hit Grinder but do no damage. You headbutt Grinder, but do no damage.
You closely miss the goblin. Grinder gestures at you.
You resist with significant effort. The goblin hits you but does no damage.
You closely miss Grinder. You hit the goblin. Grinder gestures at you.
You suddenly lose the ability to move!
The goblin hits you but does no damage. Grinder hits you.
* * * LOW HITPOINT WARNING * * *
You writhe in agony.
You die...

#.# ##### #.# #
.....##†#### #
#...)...# #
#.......# ####
#.......# ...#
##....<..####
..##
.........g5...#
###
###.......@...#
#............#
#..PP........#
#..>.........#
#.P.....$....#
#...P........#
##.^..#######
#####


You could see Grinder and a goblin.

Vanquished Creatures
  Pikel (D:4)
  A lemure (D:4)
  A necrophage (D:4)
  A howler monkey (D:4)
  A hound (D:4)
  2 iguanas (D:4)
  3 adders (D:2)
  3 worms
  3 dart slugs
  7 orcs (D:4)
  8 endoplasms
  3 giant cockroaches
  10 hobgoblins
  4 jackals (D:2)
  5 quokkas
  6 ball pythons
  5 bats
  10 goblins
  7 kobolds
  5 rats
86 creatures vanquished.

Vanquished Creatures (others)
  2 fungi (D:3)
  6 plants
8 creatures vanquished.

Grand Total: 94 creatures vanquished

Notes
Turn   | Place    | Note
-------+----------+-------------------------------------------
     0 | D:1      | QueenGhuleh the Minotaur Berserker began the quest for the
                  | Orb.
     0 | D:1      | Reached XP level 1. HP: 19/19 MP: 0/0
   139 | D:1      | Found Yrurour's Jewellery Shop.
   520 | D:1      | Found Bafathum's Assorted Antiques.
   592 | D:1      | Reached XP level 2. HP: 20/27 MP: 1/1
   690 | D:1      | Reached skill level 4 in Axes
   765 | D:1      | Found Sudelin's Weapon Shop.
   778 | D:1      | Found Vethriako's Antique Weapon Boutique.
  1085 | D:1      | Found Joudwaz's Armour Shop.
  1374 | D:2      | Reached XP level 3. HP: 18/33 MP: 2/2
  1646 | D:2      | Identified the +6 sling "Ughesu" {vorpal, rElec Dex+4}
  1714 | D:2      | Reached ** piety under Trog
  1876 | D:2      | Reached XP level 4. HP: 38/40 MP: 3/3
  2325 | D:3      | Found a shimmering altar of Xom.
  2359 | D:3      | Found a bloodstained altar of Trog.
  2432 | D:3      | Reached skill level 5 in Axes
  2666 | D:3      | Found an ornate altar of the Wu Jian Council.
  3056 | D:4      | Reached XP level 5. HP: 47/47 MP: 4/4
  3153 | D:4      | Reached *** piety under Trog
  3340 | D:4      | Reached skill level 5 in Fighting
  3340 | D:4      | Reached skill level 1 in Stealth
  3453 | D:4      | Noticed a lemure
  3454 | D:4      | Noticed Pikel
  3454 | D:4      | Noticed a lemure
  3455 | D:4      | Noticed a lemure
  3456 | D:4      | Noticed a lemure
  3456 | D:4      | Noticed Grinder
  3461 | D:4      | Killed a lemure
  3464 | D:4      | Reached skill level 6 in Axes
  3464 | D:4      | Reached XP level 6. HP: 56/56 MP: 5/5
  3474 | D:4      | Killed Pikel
  3475 | D:4      | Reached skill level 7 in Axes
  3475 | D:4      | Reached skill level 5 in Armour
  3475 | D:4      | Reached XP level 7. HP: 14/62 MP: 2/6
  3479 | D:4      | Found a staircase to the Ecumenical Temple.
  3481 | D:4      | HP: 1/62 [Grinder (5)]
  3485 | D:4      | Paralysed by Grinder for 4 turns
  3485 | D:4      | Slain by Grinder

Illustrated notes

Levels and vault maps discovered:
D:1:      evilmike_arrival_come_back, layout_basic, serial_shops,
          nicolae_square_shop, nicolae_shop_bloodbath_and_beyond, shop, shop,
          nicolae_shop_overgrown_old_shop
D:2:      layout_loops_ring, kennysheep_generic_room_5
D:3:      layout_loops_ring, xom_teletrap_fun, nzn_wu_jian_contemplation,
          mainiacjoe_overflow_boulevard, minmay_between
D:4:      layout_rooms, lemuel_doored_altar, minmay_temple_entry_overgrown,
          uniq_grinder, uniq_pikel

Skill      XL: |  1  2  3  4  5  6 |
---------------+-------------------+-----
Axes           | 4 5 6 7 |  7.5
Fighting       | 4 5 |  5.9
Armour         | 3 4 5 |  5.5
Stealth        | 1 |  1.1
Dodging        | 3 |  3.1

Action                   |  1- 3 |  4- 6 |  7- 9 || total
-------------------------+-------+-------+-------++-------
Melee: Hand axe          |    85 |   110 |     5 ||   200
       Headbutt          |    13 |    18 |     2 ||    33
       Punch             |       |     2 |       ||     2
Invok: Berserk           |       |     2 |       ||     2
Armor: Animal skin       |     6 |       |       ||     6
       Chain mail        |    33 |    60 |     9 ||   102
Dodge: Dodged            |    28 |    45 |     7 ||    80

Table legend: (Time is in decaauts)
 A = Elapsed time spent in this place.
 B = Non-inter-level travel time spent in this place.
 C = Inter-level travel time spent in this place.
 D = Time resting spent in this place.
 E = Time spent auto-exploring this place.
 F = Levels seen in this place.
 G = Mean time per level.
                   A        B        C        D        E       F      G
               +--------+--------+--------+--------+--------+-----+--------+
         Total |   3507 |   3448 |     59 |      0 |   2912 |   4 |  876.8 |
       Dungeon |   3507 |   3448 |     59 |      0 |   2912 |   4 |  876.8 |
               +--------+--------+--------+--------+--------+-----+--------+

Top non-repeatable levels by time:
     D:1: 1344 daAuts
     D:2: 976 daAuts
     D:3: 718 daAuts
     D:4: 468 daAuts
